Map: Orbital Shipyard

Players

LilDicky

  • Race: Terran Terran
  • League: Diamond

Epilist - Winner!

  • Race: Terran Terran
  • League: Diamond

VOD

http://www.twitch.tv/tumescentpie

Description

Time

  • Played on: Nov. 24, 2015, 12:42 p.m.
  • Length: 4:19
Show
View Real Time Build Order
Export as new Build Order

LilDicky Terran 

Build Orders: Reaper Expand 

Get SALT Encoding   

  12  0:01  SCV  
  13  0:13  SCV  
  14  0:18  Supply Depot  
  14  0:25  SCV  
  15  0:29  Refinery  
  15  0:39  SCV  
  16  0:45  Barracks  
  16  0:51  SCV  
  17  1:03  SCV  
  18  1:16  SCV  
  19  1:32  Reaper  
  19  1:33  Orbital Command  
  20  1:47  Command Center  
  20  1:59  SCV  
  21  2:05  Reaper  
  21  2:08  Supply Depot  
  22  2:09  Refinery  
  22  2:11  SCV  
  23  2:37  SCV  
  24  2:54  Reaper  
  24  2:55  SCV, Factory  
  24  3:06  Barracks  
  24  3:07  Barracks x2  
  24  3:09  Barracks  
  24  3:14  SCV  
  22  3:38  Marine  
  22  3:39  Widow Mine  
  22  3:40  SCV  
  13  3:56  Marine  
Show
View Real Time Build Order
Export as new Build Order

Epilist Terran - Winner!

Build Orders:  

Get SALT Encoding   

  12  0:00  SCV  
  13  0:13  SCV  
  14  0:17  Supply Depot  
  14  0:25  SCV  
  15  0:32  Refinery  
  15  0:39  SCV  
  16  0:45  Barracks  
  16  0:51  Refinery  
  16  0:55  SCV  
  17  1:07  SCV  
  18  1:19  SCV  
  19  1:32  SCV, Factory  
  20  1:35  Reaper  
  21  1:44  Supply Depot  
  21  1:50  Orbital Command  
  21  2:07  Reaper  
  22  2:16  Hellion  
  22  2:19  SCV  
  25  2:31  Supply Depot, SCV  
  25  2:38  Hellion  
  25  2:43  SCV  
  28  2:48  Barracks Tech Lab  
  28  2:55  SCV  
  29  2:59  Hellion  
  31  3:05  Supply Depot  
  31  3:07  SCV  
  33  4:10  Starport  
  33  4:12  Command Center  
Tags
 
Add a new tag
Caveats
  • Supply blocks, unpowered buildings, or Contaminate may cause inaccurate times.
  • Supply counts are checked every 10 seconds.